 Dungeon Crawl Stone Soup version 0.16.2-12-gd0ad4c3 (webtiles) character file.

189 dearth the Cudgeler (level 5, -4/47 HPs)
             Began as a Minotaur Fighter on Sept 27, 2015.
             Slain by a gnoll
             ... wielding a +0 halberd
              (5 damage)
             ... on level 3 of the Dungeon.
             The game lasted 00:05:19 (2031 turns).

dearth the Cudgeler (Minotaur Fighter)              Turns: 2031, Time: 00:05:19

Health: -4/47      AC:  8    Str: 21    XL:     5   Next: 40%
Magic:  2/2        EV:  4    Int:  5    God:
Gold:   129        SH:  9    Dex: 10    Spells: 0 memorised, 4 levels left

rFire  . . .     SeeInvis .     a - +0 flail
rCold  . . .     Clarity  .     b - +0 scale mail
rNeg   . . .     SustAb   .     c - +0 shield
rPois  .         Gourm    .     (helmet restricted)
rElec  .         Spirit   .     i - +0 cloak
rCorr  .         Warding  .     (no gloves)
rMut   .         Stasis   .     (no boots)
MR     .....                    (no amulet)
Stlth  ..........               (no ring)
                                n - -3 ring of evasion (curse)

@: not resistant to hostile enchantments, extremely unstealthy
A: retaliatory headbutt, horns 2
a: no special abilities


You were on level 3 of the Dungeon.
You were not hungry.

You visited 1 branch of the dungeon, and saw 3 of its levels.

You collected 129 gold pieces.

Inventory:

Hand weapons
 a - a +0 flail (weapon)
Armour
 b - a +0 scale mail (worn)
 c - a +0 shield (worn)
 i - a +0 cloak (worn)
Jewellery
 n - a cursed -3 ring of evasion (left hand)
Scrolls
 e - 4 scrolls of fear {unknown}
 f - 3 scrolls of identify {unknown}
 h - a scroll of teleportation {unknown}
 j - a scroll of amnesia {unknown}
 k - 3 scrolls of random uselessness {unknown}
 p - a scroll of remove curse {unknown}
 s - a scroll of recharging {unknown}
Potions
 g - a potion of haste
 l - a potion of agility
 q - 2 potions of brilliance {unknown}
 r - a potion of curing {unknown}
Comestibles
 d - a bread ration
 m - a fruit
 o - a meat ration


   Skills:
 + Level 4.7 Fighting
 * Level 4.8 Maces & Flails
 + Level 4.4 Armour
 + Level 4.5 Shields


You had 4 spell levels left.
You didn't know any spells.

Dungeon Overview and Level Annotations

Branches:
Dungeon (3/15)

Altars:
Elyvilon


Innate Abilities, Weirdness & Mutations

You reflexively headbutt those who attack you in melee.
You have a pair of horns on your head.


Message History

You kill the gnoll!
You block the gnoll's attack.
You hit the gnoll.
The gnoll is severely wounded.
The gnoll hits you from afar with a halberd.
You block the gnoll's attack. x2
A goblin comes into view.
The goblin shouts!
You hit the gnoll. You headbutt the gnoll.
You kill the gnoll!
The gnoll hits you from afar with a halberd!
* * * LOW HITPOINT WARNING * * *
The gnoll hits you but does no damage.
Items here: ( )) ÷ † a club; an uncursed hunting sling; 20 stones; a gnoll corpse; a goblin skeleton The gnoll hits you but does no damage.
The gnoll hits you with a halberd!
* * * LOW HITPOINT WARNING * * *
Items here: (( )))) [[[ ÷÷÷ The gnoll hits you with a halberd.
You die...

........#........#### #
...).............(# #
/...............### #
..........#.....# #
.........>##.....#
..........##.....#
..........######## ##
.........g##############
#.
.......#g@)(.##...#...###.
......##)###...........#..
.#...###.# ##............#
#### #..# #............#
#.## #............# #..
##.........### ...#
##...#...## .... #########
.g...


You could see 2 gnolls.

Vanquished Creatures
  Robin (D:3)
  7 gnolls
  3 adders (D:2)
  A giant mite (D:1)
  A worm (D:3)
  An ooze (D:2)
  5 giant cockroaches
  10 hobgoblins
  2 quokkas
  3 ball pythons
  4 bats
  4 giant newts
  15 goblins
  4 jackals (D:1)
  9 kobolds
  7 rats
77 creatures vanquished.

Notes
Turn   | Place    | Note
--------------------------------------------------------------
     0 | D:1      | dearth, the Minotaur Fighter, began the quest for the Orb.
     0 | D:1      | Reached XP level 1. HP: 19/19 MP: 1/1
   100 | D:1      | Reached XP level 2. HP: 22/27 MP: 1/1
   209 | D:1      | Reached skill level 4 in Armour
   210 | D:1      | Reached XP level 3. HP: 14/33 MP: 2/2
   886 | D:2      | Reached XP level 4. HP: 29/40 MP: 2/2
  1376 | D:2      | Found a white marble altar of Elyvilon.
  1585 | D:3      | Reached XP level 5. HP: 37/47 MP: 2/2
  1635 | D:3      | Noticed Robin
  1644 | D:3      | Killed Robin
  2030 | D:3      | HP: 1/47 [gnoll/halberd (12)]
  2031 | D:3      | Slain by a gnoll

Action                   |  1- 3 |  4- 6 || total
-------------------------+-------+-------++-------
Melee: Flail             |    81 |   133 ||   214
  Use: Potion            |     1 |     3 ||     4
  Eat: Beef jerky        |       |     1 ||     1
       Chunk             |       |     1 ||     1
       Bread ration      |       |     1 ||     1
